 Dungeon Crawl Stone Soup version 0.20.1-1-g8b1a95d (webtiles) character file.

898 tmwrnj the Chopper (level 8, -7/70 HPs)
             Began as a Hill Orc Fighter on Sept 30, 2017.
             Was a Follower of Beogh.
             Mangled by an orc warrior
             ... wielding a +0 glaive
              (19 damage)
             ... on level 5 of the Dungeon.
             The game lasted 00:13:08 (5065 turns).

tmwrnj the Chopper (Hill Orc Fighter)               Turns: 5065, Time: 00:13:08

Health: -7/70      AC: 17    Str: 21    XL:     8   Next: 7%
Magic:  8/8        EV:  4    Int:  8    God:    Beogh [*.....]
Gold:   347        SH: 10    Dex: 10    Spells: 7/7 levels left

rFire    . . .     SeeInvis +   a - +0 war axe
rCold    + . .     Gourm    .   c - +0 shield
rNeg     . . .     Faith    .   o - +0 plate armour
rPois    .         Spirit   .   H - +2 helmet {SInv}
rElec    .         Reflect  .   b - +0 cloak
rCorr    .         Harm     .   y - +0 pair of gloves
MR       .....                  (no boots)
Stlth    ..........             j - amulet of regeneration
Regen    0.7/turn               x - ring of protection from cold
MPRegen  0.2/turn               (no ring)

@: about to teleport
A: no striking features
a: Renounce Religion


You were on level 5 of the Dungeon.
You worshipped Beogh.
Beogh was aware of your devotion.
You were hungry.

You visited 1 branch of the dungeon, and saw 8 of its levels.

You collected 347 gold pieces.

Inventory:

Hand Weapons
 a - a +0 war axe (weapon)
Armour
 b - a +0 cloak (worn)
 c - a +0 shield (worn)
 o - a +0 plate armour (worn)
 y - a +0 pair of gloves (worn)
 H - a +2 helmet of see invisible (worn)
Jewellery
 j - an amulet of regeneration (around neck)
 x - a ring of protection from cold (left hand)
 A - an uncursed amulet of rage
 F - an uncursed amulet of magic regeneration {unknown}
 I - an uncursed amulet of magic regeneration {unknown}
Wands
 J - a wand of paralysis (11/24)
Scrolls
 k - 6 scrolls of remove curse
 l - 2 scrolls of enchant weapon {unknown}
 m - 2 scrolls of teleportation
 n - a scroll of immolation {unknown}
 q - a scroll of recharging {unknown}
 u - a scroll of noise {unknown}
 B - 2 scrolls of enchant armour {unknown}
 E - 3 scrolls of blinking {unknown}
 G - 3 scrolls of fear {unknown}
 K - 2 scrolls of identify {unknown}
 L - a scroll of fog {unknown}
Potions
 d - 4 potions of might
 e - a potion of heal wounds {unknown}
 g - a potion of degeneration {unknown}
 p - a potion of agility
 r - 3 potions of curing {unknown}
 s - a potion of ambrosia {unknown}
 v - 2 potions of cancellation {unknown}
 w - a potion of haste
 C - a potion of flight {unknown}
 D - a potion of brilliance {unknown}
Books
 t - a book of Conjurations

   Spells                             Type                      Level
   a - Magic Dart                     Conjuration                  1
   b - Searing Ray                    Conjuration                  2
   c - Dazzling Spray                 Conjuration/Hexes            3
   d - Fulminant Prism                Conjuration/Hexes            4
   e - Force Lance                    Conjuration/Translocation    4
   f - Iskenderun's Mystic Blast      Conjuration                  4
Comestibles
 f - 7 bread rations
 h - 5 meat rations
 i - 4 fruits
 z - a royal jelly


   Skills:
 + Level 5.8 Fighting
 + Level 7.8 Axes
 + Level 5.0 Armour
 + Level 1.4 Dodging
 + Level 0.5 Stealth
 + Level 5.3 Shields


You had 7 spell levels left.
You didn't know any spells.

Dungeon Overview and Level Annotations

Branches:
Dungeon (8/15)             Temple (0/1) D:4            Lair (0/6) D:8

Altars:

Shops:
D:5 *   D:6 }

Annotations:
D:6 Dowan; Duvessa; tmwrnj's ghost, novice HOFi


Message History

Dowan, Brother of Duvessa comes into view.
He is wielding a dagger.
Dowan shouts!
Tmwrnj's ghost (novice Hill Orc Fighter) comes into view.
There is a stone staircase leading up here.
Tmwrnj's ghost turns its malevolent gaze towards you.
You climb upwards.
The orc warrior hits you with a glaive.
There is a stone staircase leading down here.
You block the orc warrior's attack.
The orc priest invokes the aid of Beogh against you.
Pain shoots through your body!
The orc priest invokes the aid of Beogh against you.
Beogh smites you!
* * * LOW HITPOINT WARNING * * *
The orc priest calls upon Beogh to heal the orc wizard.
The orc wizard's wounds heal themselves!
As you read the scroll of teleportation, it crumbles to dust.
You feel strangely unstable.
The orc warrior hits you from afar with a glaive!!
You die...
Beogh appreciates the orc warrior's killing of a heretic priest.

##.#### #....# ######
##....# #....# .'....#
#....# ##....# #..).#
##....# #....# ##....#
#....# #.(..# #....#
#....# #...@#
##....#######....#
...............oo#
.......######...o#
.......# #......o#
......o###.####..#####
...........o....>....####
.......###.####...##.#..#
.......# #.####...##.#..#


You could see an orc warrior, 2 orc priests and an orc wizard.

Vanquished Creatures
  2 ogres
  Blork the orc (D:6)
  A crimson imp (D:5)
  2 hounds (D:4)
  Crazy Yiuf (D:3)
  2 centaur skeletons
  An orc priest (D:5)
  4 orc wizards
  A bullfrog skeleton (D:5)
  Terence (D:3)
  A worker ant (D:4)
  7 gnolls
  5 adders
  A shadow imp (D:7)
  2 oozes (D:2)
  2 dart slugs (D:1)
  2 worms
  5 leopard geckos
  22 orcs
  A ball python (D:5)
  7 giant cockroaches
  6 goblins
  8 hobgoblins
  4 jackals
  10 bats
  5 frilled lizards
  12 kobolds
  7 rats
123 creatures vanquished.

Notes
Turn   | Place    | Note
-------+----------+-------------------------------------------
     0 | D:1      | tmwrnj the Hill Orc Fighter began the quest for the Orb.
     0 | D:1      | Reached XP level 1. HP: 19/19 MP: 1/1
   128 | D:1      | Reached XP level 2. HP: 25/27 MP: 2/2
   421 | D:1      | Reached skill level 3 in Axes
   424 | D:1      | Reached XP level 3. HP: 29/33 MP: 3/3
   974 | D:2      | Reached skill level 1 in Dodging
  1215 | D:2      | Reached XP level 4. HP: 41/41 MP: 4/4
  1984 | D:3      | Reached skill level 4 in Axes
  2100 | D:3      | Found a runed door.
  2200 | D:3      | Noticed Terence
  2223 | D:3      | Killed Terence
  2223 | D:3      | Reached XP level 5. HP: 6/47 MP: 5/5
  3171 | D:3      | Noticed Crazy Yiuf
  3179 | D:3      | Killed Crazy Yiuf
  3179 | D:3      | Reached XP level 6. HP: 53/53 MP: 6/6
  3274 | D:4      | Reached skill level 5 in Axes
  3406 | D:4      | Reached skill level 5 in Fighting
  3420 | D:4      | Became a worshipper of Beogh the Brigand
  3676 | D:4      | Found a staircase to the Ecumenical Temple.
  3687 | D:4      | Reached skill level 6 in Axes
  3955 | D:4      | Reached XP level 7. HP: 61/61 MP: 7/7
  4189 | D:5      | Entered Level 5 of the Dungeon
  4323 | D:5      | Reached skill level 5 in Shields
  4361 | D:5      | Reached * piety under Beogh
  4439 | D:5      | Found Cokoc's General Store.
  4515 | D:5      | Reached skill level 7 in Axes
  4515 | D:5      | Reached skill level 5 in Armour
  4746 | D:5      | You fall through a shaft for 3 floors!
  4765 | D:8      | Found a staircase to the Lair.
  4961 | D:6      | Noticed Blork the orc
  4967 | D:6      | Killed Blork the orc
  4967 | D:6      | Reached XP level 8. HP: 69/70 MP: 8/8
  4975 | D:6      | Found Tuymnusk's Gadget Shop.
  5056 | D:6      | Noticed Dowan
  5057 | D:6      | Noticed tmwrnj's ghost (novice HOFi)
  5058 | D:6      | Noticed Duvessa
  5065 | D:5      | Mangled by an orc warrior

Skill      XL: |  1  2  3  4  5  6  7 |
---------------+----------------------+-----
Fighting       | 4 5 |  5.8
Axes           | 3 4 6 7 |  7.8
Dodging        | 1 |  1.4
Shields        | 4 5 |  5.3
Armour         | 4 5 |  5.0
Stealth        | |  0.5

Action                   |  1- 3 |  4- 6 |  7- 9 || total
-------------------------+-------+-------+-------++-------
Melee: War axe           |   142 |   221 |   142 ||   505
Invok: Convert to Beogh  |       |     1 |       ||     1
  Use: Scroll            |       |     1 |     2 ||     3
  Eat: Chunk             |     1 |     6 |     4 ||    11
       Fruit             |       |     3 |       ||     3
Armor: Scale mail        |    80 |    41 |       ||   121
       Chain mail        |       |    62 |       ||    62
       Plate armour      |       |       |    76 ||    76
Dodge: Dodged            |    59 |    73 |    20 ||   152
Block: Shield            |    97 |   134 |    51 ||   282
